Map: Habitation Station LE

Players

Jason - Winner!

  • Race: Terran Terran
  • League: Grandmaster
  • Spawn Location: 1:00

Rob

  • Race: Protoss Protoss
  • League: Grandmaster
  • Spawn Location: 11:00

VOD

Have the link to the VOD?

Description

Time

  • Played on: May 14, 2019, 4:07 p.m.
  • Length: 12:58
Show
View Real Time Build Order
Export as new Build Order

Jason Terran - Winner!

Build Orders:  

Get SALT Encoding   

  12  0:00  SCV  
  13  0:12  SCV  
  14  0:18  Supply Depot  
  14  0:24  SCV  
  15  0:29  Refinery  
  15  0:40  SCV  
  16  0:45  Barracks  
  16  0:52  SCV  
  17  1:04  SCV  
  18  1:16  SCV  
  20  1:32  Reaper, Orbital Command  
  20  1:47  Command Center  
  20  1:59  SCV  
  21  2:02  Factory  
  21  2:07  Barracks Reactor  
  21  2:12  SCV  
  22  2:18  Supply Depot  
  22  2:24  SCV  
  23  2:31  Refinery  
  23  2:39  SCV  
  24  2:44  Marine x2  
  24  2:47  Hellion  
  28  2:51  Starport  
  28  2:54  SCV  
  29  3:00  Orbital Command  
  29  3:06  Marine x2  
  29  3:11  Widow Mine  
  32  3:14  SCV  
  33  3:26  SCV  
  34  3:27  SCV  
  34  3:29  Medivac  
  34  3:30  Marine  
  34  3:33  Marine  
  39  3:34  Factory Tech Lab  
  39  3:41  SCV  
  39  3:43  Supply Depot  
  39  3:48  Marine  
  39  3:49  SCV  
  39  3:51  Marine  
  39  3:54  SCV  
  43  4:02  SCV, Siege Tank  
  45  4:09  SCV  
  45  4:13  Marine  
  45  4:14  Marine  
  46  4:19  Viking, SCV  
  46  4:22  SCV  
  50  4:31  SCV  
  50  4:34  SCV  
  50  4:36  Barracks  
  52  4:39  Barracks  
  52  4:43  SCV  
  53  4:45  Factory Tech Lab  
  53  4:46  SCV, Refinery  
  53  4:47  Stimpack  
  54  4:53  Starport Tech Lab  
  54  4:56  Starport Reactor  
  54  4:58  Supply Depot  
  54  5:01  Supply Depot  
  54  5:08  Engineering Bay  
  54  5:09  Marine  
  54  5:10  SCV  
  54  5:11  Bunker  
  54  5:12  SCV  
  54  5:21  Siege Tank  
  57  5:22  SCV  
  57  5:24  SCV  
  59  5:33  Supply Depot  
  59  5:34  SCV  
  59  5:35  Marauder  
  62  5:36  SCV  
  62  5:46  SCV  
  62  5:48  SCV  
  64  5:52  Starport Reactor, Marine x2  
  64  5:55  Supply Depot  
  64  5:56  Marauder  
  68  5:58  SCV  
  68  5:59  Widow Mine  
  68  6:00  SCV  
  72  6:05  Marine  
  72  6:06  Supply Depot  
  72  6:09  Terran Infantry Weapons Level 1  
  72  6:10  SCV, Supply Depot  
  74  6:13  SCV  
  74  6:17  Marauder  
  78  6:22  SCV  
  78  6:25  SCV  
  79  6:27  Marine x2, Supply Depot  
  79  6:30  Marauder, Combat Shield  
  83  6:33  Widow Mine x2  
  83  6:34  Medivac  
  83  6:36  Medivac  
  91  6:41  Marine  
  91  6:45  SCV  
  93  6:48  Concussive Shells  
  93  6:49  Marine x2  
  93  6:51  Marauder, Supply Depot  
  97  6:58  SCV  
  98  7:04  Medivac  
  98  7:06  Marauder  
  98  7:07  Marine  
  103  7:10  Marine  
  103  7:12  Marine  
  105  7:16  SCV  
  105  7:19  Viking  
  107  7:25  Command Center  
  105  7:42  Marine x3  
  105  7:43  Marauder  
  105  7:44  SCV x2  
  107  7:56  SCV, Barracks  
  107  7:58  Starport, Barracks  
  104  8:00  Marauder  
  104  8:01  SCV  
  104  8:02  Marine x2  
  104  8:04  Marauder, Viking  
  113  8:08  SCV  
  113  8:12  Refinery  
  111  8:24  SCV, Marine x2  
  111  8:25  Marauder  
  112  8:29  Viking  
  114  8:34  Viking  
  114  8:40  Planetary Fortress  
  113  8:41  Marine  
  113  8:44  SCV  
  115  8:49  Marauder, Marine  
  115  8:54  Marine x2  
  120  8:58  Marine  
  120  8:59  Viking, Marine  
  124  9:05  Viking x2  
  126  9:18  Viking  
  126  9:21  SCV  
  126  9:22  SCV  
  129  9:28  Marine  
  129  9:29  Marauder, Marine x2  
  133  9:32  Marauder  
  130  9:38  SCV x2  
  126  9:50  Marine, Supply Depot  
  126  9:52  Supply Depot  
  126  10:07  Supply Depot  
  126  10:11  Marine x2  
  126  10:12  Viking x2, Marauder  
  126  10:13  Marine  
  137  10:14  Marauder  
  137  10:18  SCV  
  137  10:35  Marine  
  137  10:36  Marauder  
  137  10:41  Marauder, Marine x2  
  117  11:12  Marauder  
  69  12:13  Orbital Command  
Show
View Real Time Build Order
Export as new Build Order

Rob Protoss 

Build Orders: 1 Gate Expand, Oracle Opening, Colossus Rush 

Get SALT Encoding   

  12  0:00  Probe  
  13  0:12  Probe  
  14  0:17  Pylon  
  14  0:24  Probe  
  15  0:32  Probe  
  15  0:37  Gateway  
  15  0:40  Probe  
  16  0:45  Assimilator  
  17  0:51  Probe  
  18  1:03  Probe  
  19  1:15  Probe  
  20  1:22  Nexus  
  20  1:32  Cybernetics Core  
  20  1:37  Assimilator  
  20  1:38  Probe  
  21  1:46  Pylon  
  21  1:50  Probe  
  22  1:58  Adept  
  22  2:03  Probe  
  22  2:05  Pylon  
  25  2:12  Warp Gate  
  25  2:15  Probe  
  26  2:22  Adept  
  26  2:27  Probe  
  26  2:28  Stargate  
  26  2:35  Probe  
  29  2:39  Probe  
  30  2:47  Probe  
  32  2:51  Probe  
  32  2:57  Adept  
  34  2:59  Probe  
  34  3:02  Oracle  
  34  3:03  Probe  
  36  3:11  Probe  
  37  3:15  Probe  
  41  3:24  Probe  
  41  3:26  Robotics Facility  
  42  3:27  Probe  
  42  3:29  Stalker  
  42  3:33  Pylon  
  45  3:38  Probe  
  46  3:51  Probe  
  46  3:52  Probe, Gateway x2  
  48  4:03  Oracle, Probe  
  48  4:04  Probe  
  53  4:14  Observer  
  54  4:18  Pylon  
  54  4:20  Pylon  
  54  4:24  Assimilator x2  
  54  4:27  Shield Battery  
  54  4:30  Pylon  
  54  4:36  Probe  
  54  4:37  Probe  
  54  4:38  Immortal  
  60  4:41  Forge  
  60  4:49  Probe x2  
  62  5:03  Robotics Bay  
  62  5:08  Probe x2, Gateway  
  62  5:09  Protoss Ground Weapons Level 1  
  62  5:10  Gateway  
  64  5:14  Twilight Council  
  64  5:16  Immortal  
  64  5:23  Pylon  
  68  5:28  Pylon  
  68  5:47  Observer  
  68  5:48  Colossus  
  68  5:51  Stalker x2  
  68  5:52  Zealot  
  68  5:53  Charge  
  80  6:04  Observer  
  80  6:06  Gateway  
  80  6:08  Gateway  
  80  6:16  Extended Thermal Lance  
  80  6:20  Pylon  
  80  6:22  Pylon  
  80  6:31  Zealot x5  
  90  6:34  Pylon  
  90  6:35  Pylon  
  90  6:37  Colossus  
  96  6:56  Stalker x3  
  102  7:02  Stalker  
  104  7:09  Stalker x2  
  108  7:28  Zealot x2  
  108  7:29  Zealot x3, Blink  
  115  7:30  Observer  
  98  7:46  Stalker x2  
  98  7:47  Stalker x2  
  106  8:02  Stalker  
  106  8:03  Stalker x2  
  112  8:25  Warp Prism  
  112  8:27  Stalker x2  
  116  8:30  Pylon  
  116  8:31  Pylon  
  115  8:45  Zealot  
  115  8:47  Pylon  
  117  8:49  Zealot x5  
  127  9:21  Zealot x5, Nexus  
  137  9:24  Sentry  
  137  9:25  Sentry  
  135  9:40  Disruptor  
  135  9:42  Sentry  
  135  9:43  Sentry  
  138  9:48  Zealot  
  140  10:01  Nexus  
  140  10:08  Robotics Facility  
  140  10:18  Pylon  
  140  10:22  Pylon  
  140  10:24  Pylon  
  140  10:25  Disruptor, Pylon  
  141  10:41  Zealot x5  
  130  11:09  Stalker  
  130  11:10  Stalker x3  
  79  11:31  Sentry  
  79  11:32  Sentry x2  
  70  11:41  Dark Shrine  
  49  12:10  Stalker x2  
Tags
 
Add a new tag
Caveats
  • Supply blocks, unpowered buildings, or Contaminate may cause inaccurate times.
  • Supply counts are checked every 10 seconds.